 Dungeon Crawl Stone Soup version 0.21-a0-633-g4c047d5 (webtiles) character file.

8726 mortelune the Destroyer (level 11, -1/94 HPs)
             Began as a Red Draconian Conjurer on Dec 28, 2017.
             Was an Elder of Vehumet.
             Slain by an unseen horror (4 damage)
             ... on level 10 of the Dungeon.
             The game lasted 00:58:15 (14426 turns).

mortelune the Destroyer (Red Draconian Conjurer)   Turns: 14426, Time: 00:58:16

Health: -1/94      AC: 10    Str: 10    XL:     11   Next: 13%
Magic:  7/21       EV: 18    Int: 19    God:    Vehumet [****..]
Gold:   583        SH:  0    Dex: 12    Spells: 14/24 levels left

rFire    + . .     SeeInvis .   f - +2 morningstar (holy)
rCold    + . .     Gourm    .   (no shield)
rNeg     . . .     Faith    .   (armour unavailable)
rPois    .         Spirit   .   (helmet restricted)
rElec    .         Reflect  .   (no cloak)
rCorr    .         Harm     .   (no gloves)
MR       .....                  F - +2 pair of boots
Stlth    ++........             c - amulet of magic regeneration
HPRegen  0.25/turn              s - ring of protection from cold
MPRegen  0.42/turn              D - +3 ring of evasion

@: short of breath, very slightly contaminated, invisible
A: breathe fire, unfitting armour, fire resistance 1, cold-blooded, AC +7
a: Breathe Fire, Renounce Religion


You were on level 10 of the Dungeon.
You worshipped Vehumet.
Vehumet was greatly pleased with you.
You were not hungry.

You visited 1 branch of the dungeon, and saw 10 of its levels.
You also visited: Ossuary and Bailey.

You collected 583 gold pieces.

Inventory:

Hand Weapons
 f - a +2 morningstar of holy wrath (weapon)
Armour
 F - a +2 pair of boots (worn)
Jewellery
 c - an amulet of magic regeneration (around neck)
 s - a ring of protection from cold (left hand)
 A - an uncursed ring of positive energy
 D - a +3 ring of evasion (right hand)
 G - an uncursed amulet of harm {unknown}
Wands
 m - a wand of polymorph (22)
 v - a wand of disintegration (6)
 y - a wand of digging (13)
 B - a wand of iceblast (9)
 E - a wand of enslavement (21)
Scrolls
 d - a scroll of holy word {unknown}
 i - a scroll of amnesia
 l - a scroll of blinking {unknown}
 n - 4 scrolls of teleportation
 o - 3 scrolls of enchant armour
 p - a scroll of fear {unknown}
 q - a scroll of immolation
 r - a scroll of fog
 t - a scroll of magic mapping {unknown}
 x - a scroll of enchant weapon
Potions
 e - 3 potions of might
 j - 3 potions of lignification
 u - 3 potions of agility
 w - a potion of ambrosia
 z - a potion of haste
 C - 2 potions of flight
Books
 a - a book of Conjurations

   Spells                             Type                      Level
   a - Magic Dart                     Conjuration                  1
   b - Searing Ray                    Conjuration                  2
   c - Dazzling Spray                 Conjuration/Hexes            3
   d - Fulminant Prism                Conjuration/Hexes            4
   e - Force Lance                    Conjuration/Translocation    4
   f - Iskenderun's Mystic Blast      Conjuration                  4
Miscellaneous
 g - a lightning rod (4/4)
Comestibles
 b - 11 rations


   Skills:
 + Level 8.1 Fighting
 + Level 4.8 Maces & Flails
 + Level 6.7 Dodging
 - Level 1.7 Stealth
 + Level 7.2 Spellcasting
 * Level 11.3 Conjurations


You had 14 spell levels left.
You knew the following spells:

 Your Spells              Type           Power        Failure   Level  Hunger
a - Magic Dart            Conj           ####         1%          1    None
b - Searing Ray           Conj           ######       1%          2    None
c - Iskenderun's Mystic   Conj           ######..     1%          4    ###....
d - Dazzling Spray        Conj/Hex       ####..       1%          3    #......


Dungeon Overview and Level Annotations

Branches:
Dungeon (10/15)            Temple (0/1) D:5             Orc (0/2) D:10
   Lair: D:8-11

Altars:
Ashenzari
Cheibriados
Dithmenos
Fedhas
Hepliaklqana
Makhleb
Okawaru
Qazlal
Uskayaw
Vehumet
Wu Jian
Xom
Zin
The Shining One

Shops:
D:4 (   D:9 (

Annotations:
D:2 Sigmund
D:4 vive les traps!, Lanoc's ghost, amateur TrMo
D:8 KristoblXynda's ghost, novice GnSk


Innate Abilities, Weirdness & Mutations

You can breathe blasts of fire.
Your fiery red scales are hard. (AC +7)
You cannot fit into any form of body armour.
Your flesh is heat resistant. (rF+)
You are cold-blooded and may be slowed by cold attacks.


Message History

You puncture the kobold!
You kill the kobold!
Vehumet accepts your kill.
You feel your power returning. Something hits you.
* * * LOW HITPOINT WARNING * * *
You feel better. Something hits you but does no damage. Something hits you.
* * * LOW HITPOINT WARNING * * *
Something hits you!
* * * LOW HITPOINT WARNING * * *
Things that are here:
12 gold pieces; a stone
Press: ? - help, Shift-Dir - straight line You breathe a blast of fire.
You feel somewhat more hungry. Something hits you but does no damage.
Something closely misses you. Something hits you but does no damage.
Something hits you but does no damage. Something completely misses you.
Something hits you but does no damage. Something hits you.
You die...

...........................(
.#####.#####.#####......)<.
#.# #.# #......†.. #.# #.#
#........) #.# #.#
#......... #.# #.#
#......... #.# #.#
#.........
#$#####.#####.........
..#####....@................
#.......######..............
#.#####.# #..............
#.# #..........>... #.#
#.............. #)#
#.............. #(#
#.............. ..#
#.............. ..#
#..............


There were no monsters in sight!

Vanquished Creatures
  A two-headed ogre (D:10)
  Pikel (D:7)
  Psyche (D:8)
  A centaur skeleton (D:9)
  A hippogriff (D:7)
  A vampire (D:9)
  A wyvern (D:8)
  7 yaks
  3 hungry ghosts
  4 orc warriors
  3 sky beasts
  4 ice beasts
  4 necrophages
  3 ogres
  A phantom (D:7)
  7 centaurs
  2 big kobolds
  2 elf zombies (Ossuary)
  The ghost of polythemia the Sneak, an amateur SpEn (D:3)
  5 bullfrogs
  A gnoll sergeant (D:7)
  A wyvern zombie (D:7)
  4 scorpions
  3 killer bees (D:9)
  2 howler monkeys
  5 crimson imps
  3 centaur zombies
  4 jellies
  A human zombie (Ossuary)
  A bullfrog zombie (D:5)
  2 hounds
  A gnoll shaman (D:6)
  4 orc wizards
  2 orc priests
  2 bullfrog skeletons (D:6)
  4 iguanas
  8 worker ants
  A killer bee zombie (D:7)
  A hound zombie (D:8)
  2 mummies (Ossuary)
  A worker ant zombie (D:5)
  9 adders
  8 gnolls
  A shadow imp (D:10)
  An adder zombie (Ossuary)
  2 worms
  A dart slug (D:3)
  8 leopard geckos
  28 orcs
  7 giant cockroaches
  8 hobgoblins
  8 jackals
  2 quokkas
  2 ball pythons
  A ball python zombie (D:5)
  2 bats (D:3)
  11 frilled lizards
  4 goblins
  8 hobgoblin zombies (Ossuary)
  A jackal skeleton (D:5)
  A jackal zombie (D:6)
  13 kobolds
  11 kobold zombies (Ossuary)
  10 orc zombies (Ossuary)
  A quokka skeleton (D:4)
  5 rats
  3 rat zombies (Ossuary)
262 creatures vanquished.

Notes
Turn   | Place    | Note
-------+----------+-------------------------------------------
     0 | D:1      | mortelune the Draconian Conjurer began the quest for the Orb.
     0 | D:1      | Reached XP level 1. HP: 14/14 MP: 3/3
   432 | D:1      | Reached XP level 2. HP: 22/22 MP: 1/5
   529 | D:1      | Learned a level 2 spell: Searing Ray
   706 | D:2      | Reached skill level 1 in Fighting
   795 | D:2      | Reached XP level 3. HP: 28/28 MP: 2/6
  1108 | D:2      | Noticed Sigmund
  1628 | D:3      | Reached XP level 4. HP: 33/36 MP: 1/7
  1907 | D:3      | Noticed polythemia's ghost (amateur SpEn)
  1924 | D:3      | Killed polythemia's ghost
  1924 | D:3      | Reached skill level 5 in Conjurations
  2001 | D:3      | Reached XP level 5. HP: 42/42 MP: 4/9
  2176 | D:3      | Found a stormy altar of Qazlal.
  2386 | D:3      | Found a radiant altar of Vehumet.
  2393 | D:3      | Became a worshipper of Vehumet
  2694 | D:3      | Learned a level 4 spell: Iskenderun's Mystic Blast
  2698 | D:3      | Learned a level 3 spell: Dazzling Spray
  2996 | D:4      | Found a hide-covered altar of Uskayaw.
  3072 | D:4      | Found Oveezesa's Antique Weapon Emporium.
  3592 | D:4      | Reached XP level 6. HP: 40/50 MP: 7/10
  3684 | D:4      | Noticed Lanoc's ghost (amateur TrMo)
  4256 | D:5      | Entered Level 5 of the Dungeon
  4306 | D:5      | Reached skill level 6 in Conjurations
  4536 | D:5      | Noticed an ice beast
  4563 | D:5      | Killed an ice beast
  4563 | D:5      | Your scales start taking on a fiery red colour.
  4563 | D:5      | Reached XP level 7. HP: 46/58 MP: 5/12
  4563 | D:5      | Gained mutation: Your flesh is heat resistant. (rF+) [Red Draconian growth]
  4718 | D:5      | Found a staircase to the Ecumenical Temple.
  4900 | D:5      | Found a shadowy altar of Dithmenos.
  5044 | D:5      | Reached * piety under Vehumet
  5044 | D:5      | Offered knowledge of Sting by Vehumet.
  5045 | D:5      | Reached skill level 7 in Conjurations
  5548 | D:6      | Found a sand-covered staircase.
  5563 | Ossuary  | Entered an ossuary
  5944 | Ossuary  | Reached XP level 8. HP: 42/67 MP: 1/14
  5957 | Ossuary  | Offered knowledge of Throw Frost by Vehumet.
  5986 | Ossuary  | Reached ** piety under Vehumet
  6568 | D:6      | Reached skill level 5 in Fighting
  6568 | D:6      | Reached skill level 8 in Conjurations
  6626 | D:6      | Found a glowing silver altar of Zin.
  7094 | D:5      | Reached skill level 5 in Spellcasting
  7182 | D:6      | Found a hazy altar of Hepliaklqana.
  7366 | D:6      | Reached XP level 9. HP: 63/74 MP: 0/16
  8196 | D:7      | Reached skill level 9 in Conjurations
  8408 | D:7      | Found a shattered altar of Ashenzari.
  8519 | D:7      | Found a blossoming altar of Fedhas.
  8550 | D:7      | Reached skill level 1 in Maces & Flails
  8550 | D:7      | Reached skill level 5 in Dodging
  8587 | D:7      | Found an iron altar of Okawaru.
  8588 | D:7      | Found a glowing golden altar of the Shining One.
  8588 | D:7      | Found a snail-covered altar of Cheibriados.
  8588 | D:7      | Found an ornate altar of the Wu Jian Council.
  8607 | D:7      | Found a shimmering altar of Xom.
  8617 | D:7      | Offered knowledge of Stone Arrow by Vehumet.
  9462 | D:7      | Noticed Pikel
  9469 | D:7      | Killed Pikel
  9656 | D:8      | Reached *** piety under Vehumet
  9663 | D:8      | Noticed KristoblXynda's ghost (novice GnSk)
 10125 | D:8      | Noticed Psyche
 10134 | D:8      | Killed Psyche
 10134 | D:8      | Reached skill level 10 in Conjurations
 10134 | D:8      | Reached XP level 10. HP: 84/84 MP: 6/19
 10321 | D:8      | Found a burning altar of Makhleb.
 11451 | D:9      | Offered knowledge of Olgreb's Toxic Radiance by Vehumet.
 11582 | D:9      | Found a flagged portal.
 11598 | Bailey   | Entered a bailey
 12068 | D:9      | Found Sopt's Antique Weapon Shoppe.
 12901 | D:10     | Entered Level 10 of the Dungeon
 12968 | D:10     | Found a staircase to the Orcish Mines.
 13017 | D:10     | Noticed a two-headed ogre
 13584 | D:10     | Killed a two-headed ogre
 13584 | D:10     | Reached skill level 11 in Conjurations
 13679 | D:10     | Reached XP level 11. HP: 81/93 MP: 3/21
 13698 | D:9      | Reached **** piety under Vehumet
 14102 | D:9      | Offered knowledge of Venom Bolt by Vehumet.
 14421 | D:10     | HP: 2/94 [something (8)]
 14426 | D:10     | Slain by an unseen horror

Vault maps used:
D:1:      dpeg_arrival_lava_temple_mockup
D:2:      small_statue_intersection, grunt_ministairs_9,
          minmay_misc_feat_diagonals, minmay_surrounded, uniq_sigmund
D:3:      nicolae_overflow_crystal_walls, grunt_qazlal_clouds,
          lemuel_another_geyser
D:4:      lemuel_crystal_altar, serial_shops, shop
D:5:      minmay_temple_entry_crystal_x, first_ration, basic_altar
D:6:      kennysheep_mini, nicolae_overflow_hidden_temple, portal_sewer_entry_e,
          nicolae_ossuary_entry_monument, kb_lookout_dungeons_type
D:7:      xom_teletrap_fun, lemuel_doored_altar,
          chequers_temple_overflow_statue_of_worship, fedhas_altar_fruit_tree,
          uniq_pikel
D:8:      makhleb_grotto_becter, uniq_psyche
D:9:      serial_shops, shop_coins, enter_bailey_2
D:10:     orc_0_dummy
Ossuary:  ossuary_tomb_1
Bailey:   bailey_polearm_5, bailey

Skill      XL: |  1  2  3  4  5  6  7  8  9 10 |
---------------+-------------------------------+-----
Fighting       | 1 2 3 4 5 6 8 |  8.1
Conjurations   | 5 6 7 8 10 11 | 11.3
Spellcasting   | 3 4 5 6 7 |  7.2
Dodging        | 2 3 4 5 6 |  6.7
Maces & Flails | 2 4 |  4.8
Stealth        | |  1.7

Action                   |  1- 3 |  4- 6 |  7- 9 | 10-12 || total
-------------------------+-------+-------+-------+-------++-------
Melee: Short sword       |     3 |    11 |       |       ||    14
       Tailslap          |       |     3 |    10 |     7 ||    20
       Morningstar       |       |    40 |    86 |    68 ||   194
       Unarmed           |       |       |     1 |       ||     1
 Cast: Magic Dart        |    52 |    56 |   142 |    72 ||   322
       Searing Ray       |     6 |    19 |    24 |    27 ||    76
       Dazzling Spray    |       |     4 |     8 |    13 ||    25
       Iskenderun's Myst |       |     3 |    65 |    72 ||   140
 Abil: Breathe Fire      |       |       |     6 |     1 ||     7
  Use: Scroll            |       |     6 |     6 |     6 ||    18
       Potion            |       |       |     7 |     3 ||    10
 Stab: Invisible         |       |     1 |     2 |     3 ||     6
       Sleeping          |       |       |     1 |       ||     1
  Eat: Chunk             |     3 |       |    19 |    12 ||    34
       Ration            |       |     3 |     3 |     4 ||    10
Armor: Skin              |     5 |    37 |    65 |    75 ||   182
Dodge: Dodged            |     9 |    59 |   145 |   156 ||   369

Table legend:
 A = Spawn XP
 B = Non-spawn XP
 C = Spawn XP percentage of total XP
 D = Spawn monster count
 E = Non-spawn monster count
 F = Spawn count percentage of total count
 G = Total turns spent on level
                    A         B        C        D         E        F      G
               +---------+---------+-------+---------+---------+-------+---------
         Total |       0 |   12466 |   0.0 |       0 |     262 |   0.0 | 14426
               +---------+---------+-------+---------+---------+-------+---------
           D:1 |       0 |      17 |   0.0 |       0 |      13 |   0.0 |   872
           D:2 |       0 |      58 |   0.0 |       0 |      18 |   0.0 |   780
           D:3 |       0 |     156 |   0.0 |       0 |      21 |   0.0 |  1691
           D:4 |       0 |     168 |   0.0 |       0 |      12 |   0.0 |   913
           D:5 |       0 |    1077 |   0.0 |       0 |      24 |   0.0 |  1718
           D:6 |       0 |    1283 |   0.0 |       0 |      28 |   0.0 |  1372
           D:7 |       0 |    1832 |   0.0 |       0 |      25 |   0.0 |  2412
           D:8 |       0 |    1508 |   0.0 |       0 |      20 |   0.0 |   732
           D:9 |       0 |    3289 |   0.0 |       0 |      35 |   0.0 |  2506
          D:10 |       0 |    2713 |   0.0 |       0 |      23 |   0.0 |   589
       Ossuary |       0 |     353 |   0.0 |       0 |      39 |   0.0 |   828
        Bailey |       0 |      12 |   0.0 |       0 |       4 |   0.0 |    13
               +---------+---------+-------+---------+---------+-------+---------
